 Dungeon Crawl Stone Soup version 0.31-a0-188-g5e087ee2ca (webtiles) character file.

Game seed: 17345150358806283907

58 qw the Shooter (level 3, 0/20 HPs)
             Began as a Deep Elf Hunter on June 23, 2023.
             Succumbed to Sigmund's poison
             ... on level 3 of the Dungeon.
             The game lasted 00:00:36 (1964 turns).

qw the Shooter (Deep Elf Hunter)                    Turns: 1964, Time: 00:00:37

Health: 0/20       AC:  6    Str: 10    XL:     3   Next: 76%
Magic:  5/5        EV:  9    Int: 13    God:
Gold:   78         SH:  0    Dex: 18    Spells: 2/2 levels left

rFire   . . .        Y - +0 shortbow
rCold   . . .        (shield currently unavailable)
rNeg    . . .        f - +0 scale mail
rPois   .            (no helmet)
rElec   .            (no cloak)
rCorr   .            (no gloves)
SInv    .            (no boots)
Will    .....        (no amulet) Stlth
                     (no ring)
HPRegen 0.23/turn    (no ring)
MPRegen 0.09/turn

%: no passive effects
@: confused, lethally poisoned (0 -> -8)
A: no striking features
a: no special abilities


You were on level 3 of the Dungeon.
You visited 1 branch of the dungeon, and saw 3 of its levels.

You collected 78 gold pieces.


   Skills:
 - Level 1.5 Fighting
 + Level 7.2 Ranged Weapons
 - Level 2.4 Dodging
 - Level 1.2 Stealth


You had 2 spell levels left.
You didn't know any spells.
Your spell library was empty.

Inventory:

Hand Weapons
 Y - a +0 shortbow (weapon)
Armour
 f - a +0 scale mail (worn)
Scrolls
 a - a scroll of identify
Potions
 b - a potion of haste
 d - a potion of heal wounds
 e - a potion of invisibility {unknown}
 h - a potion of might {unknown}
 i - a potion of curing {unknown}

Dungeon Overview and Level Annotations

Branches:
Dungeon (3/15)

Altars:

Annotations:
D:3 Sigmund


Message History

Sigmund is nearby!
You shoot an arrow. The arrow closely misses Sigmund.
You shoot an arrow. The arrow hits Sigmund.
Sigmund is lightly wounded.
Sigmund casts a spell at you. The magic dart hits you.
1948 ||| STAIRDANCE Sigmund barely misses you.
You climb upwards.
There is a stone staircase leading down here.
You see here a +0 leather armour.
You start resting.
HP restored.
Done exploring.
(D) Dungeon
Where to? (* - list waypoints, Enter - D:3, ? - help)
What level of the Dungeon? (default 1, ? - help)
You climb downwards.
Level annotation: Sigmund
There is a stone staircase leading up here.
Sigmund is nearby!
You shoot an arrow. The arrow closely misses Sigmund.
You shoot an arrow. The arrow barely misses Sigmund.
You shoot an arrow. The arrow completely misses Sigmund.
Sigmund closely misses you.
You shoot an arrow. The arrow barely misses Sigmund.
You shoot an arrow.
The arrow hits Sigmund but does no damage.
Sigmund hits you from afar with a +0 scythe of venom!
You are lethally poisoned!
1962 ||| STAIRDANCE You feel very sick.
Sigmund gestures at you while chanting.
You are confused.
In your confused state, you trip and fall back down the stairs.
You feel sick. Sigmund casts a spell at you. The puff of flame hits you.
1964 ||| STAIRDANCE You die...

############
#..........####### #.#
######.......##
#.###.............#
##.#....@.@..<.##..#
###......#######.# .#
##...#.......####.##..####
####.........##..............
..........?.[##.####.##..####
####.......####.# #.# .#
#.....#.# #%# #.# # #.....#.#
#.# #.# #.......#.# ... #..


You could see Sigmund.

Vanquished Creatures
  2 adders (D:2)
  A worm (D:2)
  A dart slug (D:1)
  2 bats (D:1)
  2 endoplasms (D:1)
  A giant cockroach (D:2)
  5 goblins
  4 hobgoblins
  2 jackals (D:1)
  3 quokkas
  3 ball pythons
  2 frilled lizards (D:2)
  5 rats
33 creatures vanquished.

Notes
Turn   | Place    | Note
-------+----------+-------------------------------------------
     0 | D:1      | qw the Deep Elf Hunter began the quest for the Orb.
     0 | D:1      | Reached XP level 1. HP: 12/12 MP: 3/3
     0 | D:1      | 0 ||| qw: Version: 0.3-a-9-g12657ce
     0 | D:1      | 0 ||| qw: Game counter: 3948
     0 | D:1      | 0 ||| qw: Always use a shield: true
     0 | D:1      | 0 ||| qw: God list: Okawaru
     0 | D:1      | 0 ||| qw: Allow faded altars: false
     0 | D:1      | 0 ||| qw: Do Orc after D:15 true
     0 | D:1      | 0 ||| qw: Do second Lair branch before Depths: true
     0 | D:1      | 0 ||| qw: Lair rune preference: random
     0 | D:1      | 0 ||| qw: Plans: Normal
     0 | D:1      | 0 ||| PLANNING D:1-11
   268 | D:1      | Reached skill level 6 in Ranged Weapons
   268 | D:1      | Reached XP level 2. HP: 11/16 MP: 4/4
   572 | D:1      | 572 ||| DROPPING amulet of magic regeneration.
   573 | D:1      | 573 ||| READING 2 scrolls labelled SOLOSA ZAURREO.
   574 | D:1      | 574 ||| DRINKING 2 puce potions.
   609 | D:1      | 609 ||| DROPPING scroll of butterflies.
   610 | D:1      | 610 ||| DROPPING potion of lignification.
   897 | D:2      | Reached XP level 3. HP: 18/20 MP: 5/5
  1177 | D:2      | Reached skill level 7 in Ranged Weapons
  1630 | D:2      | 1630 ||| READING scroll labelled MYLOSEGUDE.
  1631 | D:2      | 1631 ||| READING 3 scrolls of identify.
  1631 | D:2      | 1631 ||| IDENTIFYING yellow potion
  1632 | D:2      | 1632 ||| READING 2 scrolls of identify.
  1632 | D:2      | 1632 ||| IDENTIFYING smoky white potion
  1731 | D:3      | Noticed Sigmund
  1733 | D:3      | 1733 ||| FLEEEEING.
  1734 | D:3      | 1734 ||| FLEEEEING.
  1735 | D:3      | 1735 ||| FLEEEEING.
  1736 | D:3      | 1736 ||| FLEEEEING.
  1737 | D:3      | 1737 ||| FLEEEEING.
  1738 | D:3      | 1738 ||| FLEEEEING.
  1739 | D:3      | 1739 ||| FLEEEEING.
  1740 | D:3      | 1740 ||| FLEEEEING.
  1741 | D:3      | 1741 ||| FLEEEEING.
  1742 | D:3      | 1742 ||| FLEEEEING.
  1743 | D:3      | 1743 ||| FLEEEEING.
  1744 | D:3      | 1744 ||| STAIRDANCE
  1758 | D:2      | 1758 ||| UPGRADING to +0 scale mail.
  1768 | D:2      | 1768 ||| DROPPING +0 leather armour.
  1776 | D:3      | 1776 ||| STAIRDANCE
  1783 | D:2      | HP: 5/20 [poisoned by Sigmund]
  1849 | D:3      | 1849 ||| STAIRDANCE
  1909 | D:3      | 1909 ||| STAIRDANCE
  1948 | D:3      | 1948 ||| STAIRDANCE
  1962 | D:3      | 1962 ||| STAIRDANCE
  1963 | D:3      | HP: 2/20 [Sigmund/puff of flame (4)]
  1964 | D:3      | 1964 ||| STAIRDANCE
  1964 | D:3      | Succumbed to Sigmund's poison

Levels and vault maps discovered:
D:1:      tarquinn_simple_flora_water_f, layout_basic
D:2:      layout_basic
D:3:      layout_loops_ring, uniq_sigmund, uniq_natasha

Skill      XL: |  1  2  3 |
---------------+----------+-----
Ranged Weapons | 6 7 |  7.2
Fighting       | |  1.5
Dodging        | |  2.4
Stealth        | |  1.2

Action                     || total
---------------------------++-------
   Fire: Shortbow          ||   104
    Use: Scroll            ||     4
         Potion            ||     1
 Armour: Leather armour    ||     7
         Scale mail        ||     2
  Dodge: Dodged            ||    25

Table legend:
 A = Non-vault XP
 B = Vault XP
 C = Vault XP percentage of total XP
 D = Non-vault monster count
 E = Vault monster count
 F = Vault count percentage of total count
                 A         B        C        D         E       F
            +---------+---------+-------+---------+---------+-------
      Total |      84 |       0 |   0.0 |      33 |       0 |   0.0
            +---------+---------+-------+---------+---------+-------
        D:1 |      31 |       0 |   0.0 |      17 |       0 |   0.0
        D:2 |      50 |       0 |   0.0 |      14 |       0 |   0.0
        D:3 |       3 |       0 |   0.0 |       2 |       0 |   0.0
            +---------+---------+-------+---------+---------+-------
